[Event "Titled Tuesday Blitz June 6 Early 2023"]
[White "Ilamparthi A R"]
[Black "Nikologorsky, Matfei"]
[WhiteFideId "45015775"]
[BlackFideId "24102474"]
[WhiteElo "2348"]
[BlackElo "2153"]
[Result "0-1"]
[Round "3"]
[TimeControl "180+2"]
[Date "2023.06.06"]
[WhiteClock "0:00:14"]
[BlackClock "0:00:23"]
[Board "42"]

1. e4 c5 2. Nf3 e6 3. d3 Nc6 4. g3 g6 5. Bg2 Bg7 6. O-O Nge7 7. Re1 O-O 8. c3 d5 9. e5 b5 10. h4 Qc7 11. Bf4 b4 12. h5 bxc3 13. bxc3 Rb8 14. Nbd2 Ba6 15. Nf1 Qa5 16. Qd2 d4 17. h6 dxc3 18. Qe2 Bh8 19. N1h2 Nf5 20. Ng4 Ncd4 21. Nxd4 Nxd4 22. Qe3 Nc2 23. Qe2 Nxa1 24. Rxa1 Rfd8 25. Bg5 Bxd3 26. Qe3 Bf5 27. Nf6+ Bxf6 28. Bxf6 Qa4 29. Bxd8 Rxd8 30. Qxc5 c2 31. Qe7 Qe8 32. Qf6 Qf8 33. Rf1 Rd1 34. Qg5 Bd3 35. g4 Bxf1 36. Bxf1 c1=Q 0-1


[Site "https://www.chess.com"]

[Event "Titled Tuesday Blitz June 6 Early 2023"]
[White "Molina, Roberto Junio Brito"]
[Black "Bashirli, Saadat"]
[WhiteFideId "2109450"]
[BlackFideId "13429990"]
[WhiteElo "2376"]
[BlackElo "1408"]
[Result "1/2-1/2"]
[Round "3"]
[TimeControl "180+2"]
[Date "2023.06.06"]
[WhiteClock "0:00:29"]
[BlackClock "0:00:54"]
[Board "43"]

1. e4 c5 2. Nf3 g6 3. d4 cxd4 4. Nxd4 Nc6 5. Nc3 Bg7 6. Be3 Nf6 7. Bc4 O-O 8. Bb3 a5 9. O-O Ng4 10. Qxg4 Nxd4 11. Qd1 Nxb3 12. axb3 d6 13. Bd4 Be6 14. Bxg7 Kxg7 15. Qd4+ Kg8 16. Ne2 Qc7 17. Rfc1 b5 18. Nf4 Rfc8 19. c4 bxc4 20. bxc4 Qc5 21. Nxe6 fxe6 22. Qxc5 dxc5 23. Kf1 Rcb8 24. Rc2 Rb4 25. Ke2 a4 26. f3 Rab8 27. Ra2 Kf7 28. Ke3 Kf6 29. Kf4 e5+ 30. Kg3 Rd8 31. Ra1 Rdb8 32. Ra2 Rd8 33. Ra1 Rdb8 34. Rc3 Rd8 35. Rc2 1/2-1/2


[Site "https://www.chess.com"]

[Event "Titled Tuesday Blitz June 6 Early 2023"]
[White "Spichkin, Alexander"]
[Black "Svane, Rasmus"]
[WhiteFideId "4144074"]
[BlackFideId "4657101"]
[WhiteElo "1986"]
[BlackElo "2601"]
[Result "0-1"]
[Round "3"]
[TimeControl "180+2"]
[Date "2023.06.06"]
[WhiteClock "0:00:21"]
[BlackClock "0:00:16"]
[Board "44"]

1. f4 Nf6 2. Nf3 g6 3. e4 Nxe4 4. Be2 Bg7 5. O-O O-O 6. Qe1 c5 7. Qh4 e6 8. Qe1 Nc6 9. d3 Nf6 10. Nc3 d5 11. Bd1 b6 12. Qh4 d4 13. Ne2 Nd5 14. Qg3 Bb7 15. Ng5 h6 16. Ne4 f5 17. Qxg6 fxe4 18. Qxe6+ Kh8 19. dxe4 Nf6 20. Ng3 d3 21. cxd3 Qxd3 22. e5 Rae8 23. Qh3 Nd5 24. f5 Qd4+ 25. Kh1 Qxe5 26. Bxh6 Kg8 27. Bb3 Nd4 28. Bxg7 Qxg7 29. Nh5 Qh6 30. Qg3+ Kh8 31. Bxd5 Bxd5 32. Nf4 Nxf5 33. Ng6+ Kg7 34. Rxf5 Rxf5 35. Nh4+ Rg5 36. Qc3+ Qf6 37. Nf3 Qxc3 38. bxc3 Bxf3 39. gxf3 Re2 40. Rf1 Rgg2 41. Rg1 Rxg1+ 42. Kxg1 Rxa2 43. f4 b5 0-1


[Site "https://www.chess.com"]

[Event "Titled Tuesday Blitz June 6 Early 2023"]
[White "Deac, Bogdan-Daniel"]
[Black "Mendez Fortes, Eduardo Jesus"]
[WhiteFideId "1226380"]
[BlackFideId "3502376"]
[WhiteElo "2644"]
[BlackElo "2307"]
[Result "1-0"]
[Round "3"]
[TimeControl "180+2"]
[Date "2023.06.06"]
[WhiteClock "0:00:07"]
[BlackClock "0:00:08"]
[Board "45"]

1. b3 Nf6 2. Bb2 d5 3. e3 g6 4. Bxf6 exf6 5. d4 Bg7 6. g3 O-O 7. Bg2 h5 8. h4 c6 9. Ne2 Nd7 10. O-O f5 11. c4 Nf6 12. Nbc3 Be6 13. Nf4 Re8 14. cxd5 Bxd5 15. Nfxd5 cxd5 16. Rc1 Ne4 17. Ne2 g5 18. hxg5 Qxg5 19. Nf4 h4 20. Bxe4 Rxe4 21. Qh5 Qxh5 22. Nxh5 hxg3 23. Nxg3 Rg4 24. Kg2 Re8 25. Kf3 Rg5 26. Rc5 Rd8 27. Rfc1 Rd6 28. Ne2 Bh6 29. Nf4 Ra6 30. R1c2 Bf8 31. Rxd5 Bd6 32. Rb5 b6 33. Rd5 Bxf4 34. Kxf4 Rg1 35. Rxf5 Ra1 36. Rc7 R6xa2 37. f3 Rg1 38. Rfxf7 Rh2 39. Rxa7 Rh5 40. Ke4 Rg6 41. Rf5 Re6+ 42. Re5 Rh4+ 43. Kd5 1-0


[Site "https://www.chess.com"]

[Event "Titled Tuesday Blitz June 6 Early 2023"]
[White "Petrosyan, Manuel"]
[Black "Principe, Gerson"]
[WhiteFideId "13300857"]
[BlackFideId "3804550"]
[WhiteElo "2576"]
[BlackElo "2229"]
[Result "1-0"]
[Round "3"]
[TimeControl "180+2"]
[Date "2023.06.06"]
[WhiteClock "0:00:05"]
[BlackClock "0:00:04"]
[Board "46"]

1. e4 c5 2. Nf3 e6 3. c3 d5 4. exd5 exd5 5. Bb5+ Bd7 6. Qe2+ Be7 7. d4 cxd4 8. Nxd4 Nf6 9. Nf5 Kf8 10. Bd3 Bxf5 11. Bxf5 Nc6 12. O-O h6 13. Nd2 g6 14. Bd3 Kg7 15. Nf3 Re8 16. Qd2 Ng8 17. Qf4 Qd6 18. Be3 Rad8 19. Rad1 Qxf4 20. Bxf4 Bf6 21. Bb5 a6 22. Ba4 Rd7 23. Be3 b5 24. Bb3 Nge7 25. g4 Na5 26. Rd2 Nc4 27. Bxc4 bxc4 28. Rfd1 Rb8 29. Bc5 Rb5 30. Ba3 g5 31. Nd4 Bxd4 32. Rxd4 Ng6 33. Rxc4 Ne5 34. Ra4 a5 35. Kg2 Ng6 36. Rad4 Nf4+ 37. Kf3 Ne6 38. R4d2 d4 39. cxd4 Rbd5 40. b3 Kg6 41. Bb2 f5 42. gxf5+ Kxf5 43. Kg3 h5 44. h3 Nf4 45. Re1 h4+ 46. Kh2 g4 47. hxg4+ Kxg4 48. Re3 Rb7 49. Rd1 Kf5 50. Re5+ Rxe5 51. dxe5 a4 52. Bc1 axb3 53. axb3 Rxb3 54. Bxf4 Kxf4 55. Re1 Rb7 56. Kh3 Kf5 57. Kxh4 Ke6 58. f4 Rf7 59. Kg4 Rg7+ 60. Kf3 Rf7 61. Ke4 1-0


[Site "https://www.chess.com"]

[Event "Titled Tuesday Blitz June 6 Early 2023"]
[White "Pulpan, Jakub"]
[Black "Wadsworth, Matthew J"]
[WhiteFideId "302759"]
[BlackFideId "415804"]
[WhiteElo "2484"]
[BlackElo "2347"]
[Result "1/2-1/2"]
[Round "3"]
[TimeControl "180+2"]
[Date "2023.06.06"]
[WhiteClock "0:00:13"]
[BlackClock "0:00:04"]
[Board "47"]

1. b3 d5 2. Bb2 Nf6 3. Nf3 Bg4 4. e3 e6 5. Be2 Be7 6. c4 c6 7. Nc3 O-O 8. h3 Bh5 9. Ne5 Bxe2 10. Qxe2 Nbd7 11. Nxd7 Qxd7 12. O-O Rfd8 13. d4 Rac8 14. Rfd1 a6 15. e4 dxe4 16. Nxe4 Nxe4 17. Qxe4 Bf6 18. Rd2 c5 19. Rad1 Qc7 20. Qf3 h6 21. g3 b5 22. cxb5 axb5 23. dxc5 Bxb2 24. Rxb2 Rxd1+ 25. Qxd1 Qxc5 26. a4 Qc1 27. Rb1 Qxd1+ 28. Rxd1 Rc3 29. Rb1 bxa4 30. bxa4 Ra3 31. Rb4 g5 32. h4 Kg7 33. Kg2 Kg6 34. Kf1 Ra2 35. Ke1 f5 36. hxg5 hxg5 37. f3 Kf6 38. g4 fxg4 39. Rxg4 Kf5 40. Kf1 e5 41. Rb4 Kf6 42. Ke1 Kf5 43. Kd1 Kf6 44. Rc4 Ke6 45. Rb4 Kd5 46. Rg4 Ke6 47. Kc1 Kd5 48. Kb1 Rf2 49. Rxg5 Rxf3 50. Kb2 Kd4 51. a5 e4 52. a6 Rf8 53. Kb3 Ra8 54. Rg6 Kd3 55. Rd6+ Ke2 56. Kc4 e3 57. Kd4 Kf2 58. Rf6+ Ke2 59. Re6 Kd2 60. Rxe3 Rxa6 61. Rd3+ Ke2 62. Re3+ Kd2 63. Rh3 Ra8 64. Rh2+ Kd1 65. Ke3 Re8+ 66. Kd3 Rd8+ 67. Ke3 Re8+ 68. Kd3 Rd8+ 69. Ke3 Re8+ 1/2-1/2


[Site "https://www.chess.com"]

[Event "Titled Tuesday Blitz June 6 Early 2023"]
[White "Csonka, Balazs"]
[Black "MKlose11"]
[WhiteFideId "742910"]
[WhiteElo "2404"]
[BlackElo "2560"]
[Result "1-0"]
[Round "3"]
[TimeControl "180+2"]
[Date "2023.06.06"]
[WhiteClock "0:00:04"]
[BlackClock "0:00:19"]
[Board "48"]

1. c4 Nf6 2. g3 c5 3. Bg2 Nc6 4. Nc3 d6 5. e3 g6 6. Nge2 Bg7 7. O-O O-O 8. d4 Bd7 9. h3 Qc8 10. Kh2 Rb8 11. b3 b6 12. Bb2 a6 13. Rc1 Re8 14. Qd2 h5 15. Nd5 Qd8 16. dxc5 dxc5 17. Rfd1 Nxd5 18. Bxg7 Kxg7 19. Qxd5 Rb7 20. Qe4 Rc7 21. Nf4 e6 22. Rd6 Qe7 23. Rcd1 Nb8 24. Rxb6 Bc6 25. Qe5+ f6 26. Qc3 Bxg2 27. Rxe6 Qf7 28. Rxe8 Qxe8 29. Kxg2 Nc6 30. Nd5 Rf7 31. f3 h4 32. g4 Qb8 33. f4 Qe8 34. Kf3 Qe6 35. Rd3 Ne7 36. Nxe7 Rxe7 37. Kf2 Qe4 38. Rd6 Rf7 39. Qd3 Qh1 40. Qf1 Qe4 41. Qg2 Qc2+ 42. Kf3 Qd1+ 43. Rxd1 f5 44. Qd2 Re7 45. g5 Kh7 46. Qc3 Rg7 47. Qf6 Re7 48. Rd6 Rg7 49. Re6 a5 50. Re7 a4 51. Qxg7# 1-0


[Site "https://www.chess.com"]

[Event "Titled Tuesday Blitz June 6 Early 2023"]
[White "Omelja, Artem"]
[Black "caropawn10"]
[WhiteFideId "14119846"]
[WhiteElo "2404"]
[BlackElo "2729"]
[Result "0-1"]
[Round "3"]
[TimeControl "180+2"]
[Date "2023.06.06"]
[WhiteClock "0:00:07"]
[BlackClock "0:00:08"]
[Board "49"]

1. e4 c6 2. d4 d5 3. exd5 cxd5 4. c4 Nf6 5. Nc3 Nc6 6. Bg5 e6 7. Nf3 Be7 8. Bd3 O-O 9. O-O dxc4 10. Bxc4 a6 11. a3 b5 12. Ba2 Bb7 13. Re1 b4 14. axb4 Nxb4 15. Bb1 h6 16. Bh4 Rc8 17. Ne5 Qd6 18. Bg3 Qb6 19. Na4 Qb5 20. Qb3 Bd5 21. Qe3 Qb7 22. f3 Nc2 23. Bxc2 Rxc2 24. Re2 Rfc8 25. Nd3 Rxe2 26. Qxe2 Nd7 27. b4 Bf6 28. Nac5 Nxc5 29. Nxc5 Bxd4+ 30. Bf2 Qxb4 31. Nxa6 Qb6 32. h3 Bxf2+ 33. Qxf2 Qxf2+ 34. Kxf2 Ra8 35. Ra4 Bc6 36. Ra2 Bd5 37. Ra4 Rc8 38. Kg3 Kh7 39. Ra5 Rc4 40. Rc5 Rxc5 41. Nxc5 Kg6 42. Kf4 f6 43. g4 h5 44. Nd3 e5+ 45. Ke3 Kg5 46. Kf2 Kh4 47. Kg2 hxg4 48. hxg4 e4 49. Nf4 exf3+ 50. Kf2 Be4 51. Ne6 g6 52. g5 f5 53. Nf4 Kxg5 54. Kg3 f2 55. Nh3+ Kf6 56. Nxf2 Bd5 57. Nh3 g5 58. Nf2 f4+ 59. Kg4 Be6+ 60. Kf3 Kf5 61. Nd3 Bd5+ 62. Kf2 g4 63. Nb4 g3+ 64. Kg1 Be4 65. Na2 f3 66. Nc3 f2+ 67. Kf1 Bd3+ 68. Ne2 Ke4 69. Kg2 Bxe2 0-1


[Site "https://www.chess.com"]

[Event "Titled Tuesday Blitz June 6 Early 2023"]
[White "Petrosian, Karlen"]
[Black "Goffredo_Fofi"]
[WhiteFideId "4176146"]
[WhiteElo "2345"]
[BlackElo "2484"]
[Result "1-0"]
[Round "3"]
[TimeControl "180+2"]
[Date "2023.06.06"]
[WhiteClock "0:00:06"]
[BlackClock "0:00:17"]
[Board "50"]

1. e4 Nf6 2. Nc3 e5 3. Bc4 Nxe4 4. Qh5 Nd6 5. Qxe5+ Qe7 6. Qxe7+ Bxe7 7. Bb3 Nf5 8. Nf3 c6 9. Ne2 d5 10. c3 O-O 11. Bc2 Nd6 12. Ng3 Nd7 13. O-O g6 14. Re1 Re8 15. d4 Nf6 16. Bf4 Be6 17. Ng5 Bd7 18. Rxe7 Rxe7 19. Bxd6 Ree8 20. h3 h6 21. Nf3 Nh7 22. a4 Nf8 23. a5 a6 24. Bf4 Kg7 25. Ne5 Be6 26. Nd3 Nd7 27. Bd6 h5 28. Nc5 Nxc5 29. Bxc5 h4 30. Nf1 Bd7 31. Ne3 Re6 32. Bb6 Rae8 33. Bc7 Bc8 34. Bd3 R6e7 35. Bf4 f6 36. Kf1 g5 37. Bd6 Re6 38. Ba3 Kf7 39. b3 Bd7 40. c4 Rxe3 41. fxe3 Rxe3 42. Rd1 g4 43. Bc1 Re8 44. hxg4 Bxg4 45. Re1 Rd8 46. c5 Rg8 47. Kf2 Be6 48. Bf4 Rg4 49. Kf3 Bd7 50. b4 Rg8 51. Rh1 Rh8 52. g4 Be6 53. Bf5 Bxf5 54. gxf5 h3 55. Rh2 Rh5 56. Kg3 Rxf5 57. Rxh3 Ke6 58. Kg4 1-0


[Site "https://www.chess.com"]

[Event "Titled Tuesday Blitz June 6 Early 2023"]
[White "Arencibia Monduy, Antonio"]
[Black "Yuan, Qingyu"]
[WhiteFideId "3507939"]
[BlackFideId "8609772"]
[WhiteElo "2481"]
[BlackElo "2359"]
[Result "1-0"]
[Round "3"]
[TimeControl "180+2"]
[Date "2023.06.06"]
[WhiteClock "0:00:06"]
[BlackClock "0:00:02"]
[Board "51"]

1. e4 e5 2. Bc4 Nf6 3. d3 Nc6 4. Nf3 Bc5 5. c3 O-O 6. Bb3 d5 7. Qe2 dxe4 8. dxe4 a5 9. Bg5 Qe7 10. a4 Be6 11. Nbd2 Bxb3 12. Nxb3 Bb6 13. Rd1 Rad8 14. O-O Qe6 15. Nbd2 h6 16. Bxf6 Qxf6 17. Nc4 Bc5 18. Ne3 Bxe3 19. Qxe3 Qe6 20. Qc5 b6 21. Qb5 f6 22. b4 Na7 23. Qa6 Nc6 24. Qb5 Na7 25. Qe2 Qc6 26. b5 Qc5 27. Qa2+ Kh7 28. Qb3 Nc8 29. Nh4 Nd6 30. Qc2 Nc4 31. Nf5 g6 32. Ng3 h5 33. h4 Kg7 34. Kh2 Rd6 35. Rxd6 Qxd6 36. Rd1 Qe7 37. Qd3 Nd6 38. Nf1 Rd8 39. Qe2 Nb7 40. Ne3 Nc5 41. Nd5 Qf7 42. Qc2 Rd6 43. c4 Ne6 44. Qd2 Nc5 45. Qc2 Qd7 46. f3 Ne6 47. Qd2 Nc5 48. Qc2 Qd8 49. Qd2 Nxa4 50. Qe3 Nc5 51. f4 exf4 52. Qxf4 Qd7 53. Re1 Qe6 54. e5 fxe5 55. Rxe5 Qg4 56. Re7+ Kg8 57. Qf7+ Kh8 58. Qg7# 1-0


[Site "https://www.chess.com"]

[Event "Titled Tuesday Blitz June 6 Early 2023"]
[White "Zaitsev, Alexander"]
[Black "gau_npukyputb"]
[WhiteFideId "4164490"]
[WhiteElo "2373"]
[BlackElo "2718"]
[Result "1-0"]
[Round "3"]
[TimeControl "180+2"]
[Date "2023.06.06"]
[WhiteClock "0:01:19"]
[BlackClock "0:01:30"]
[Board "52"]

1. e4 c5 2. Nf3 e6 3. g3 a6 4. Bg2 b5 5. O-O Bb7 6. Re1 Nf6 7. e5 Nd5 8. d3 d6 9. c4 Nb6 10. b3 dxe5 11. Nxe5 Bxg2 12. Kxg2 Be7 13. Nc3 O-O 14. cxb5 axb5 15. Nxb5 Nd5 16. Bb2 Ra5 17. a4 Ra6 18. Qg4 Bf6 19. Rac1 Nc6 20. Rxc5 Nxe5 21. Bxe5 Bxe5 22. Rxe5 Nb4 23. Qxb4 1-0


[Site "https://www.chess.com"]

[Event "Titled Tuesday Blitz June 6 Early 2023"]
[White "Abdilkhair, Abilmansur"]
[Black "i_like_explosions"]
[WhiteFideId "13716417"]
[WhiteElo "2210"]
[BlackElo "2466"]
[Result "1-0"]
[Round "3"]
[TimeControl "180+2"]
[Date "2023.06.06"]
[WhiteClock "0:00:35"]
[BlackClock "0:00:02"]
[Board "53"]

1. e4 c5 2. Nf3 Nc6 3. d4 cxd4 4. Nxd4 Nf6 5. Nc3 e5 6. Ndb5 d6 7. Bg5 a6 8. Bxf6 gxf6 9. Na3 f5 10. g3 fxe4 11. Bg2 Bg7 12. Nc4 Nd4 13. Nxe4 Nf5 14. g4 d5 15. gxf5 dxc4 16. Qxd8+ Kxd8 17. f6 Bh6 18. Nd6 Be6 19. Nxb7+ Kc7 20. Nc5 Rae8 21. Nxa6+ Kb6 22. Nb4 Bg5 23. a4 Bxf6 24. a5+ Ka7 25. a6 Bd7 26. O-O e4 27. Rfd1 Bb5 28. Rd5 1-0


[Site "https://www.chess.com"]

[Event "Titled Tuesday Blitz June 6 Early 2023"]
[White "Prestia, Paris"]
[Black "Fernandez Garcia, Gumersindo"]
[WhiteFideId "30925959"]
[BlackFideId "24516740"]
[WhiteElo "2680"]
[BlackElo "2093"]
[Result "1-0"]
[Round "3"]
[TimeControl "180+2"]
[Date "2023.06.06"]
[WhiteClock "0:00:15"]
[BlackClock "0:00:15"]
[Board "54"]

1. d4 Nf6 2. Bg5 e6 3. Nd2 c5 4. e3 h6 5. Bh4 Be7 6. c3 d6 7. Bd3 Nbd7 8. Ngf3 b6 9. a4 a6 10. Qe2 Bb7 11. h3 O-O 12. O-O Re8 13. Rfe1 Qc7 14. Nc4 Rad8 15. b4 cxd4 16. cxd4 d5 17. Nce5 Bxb4 18. Rec1 Qd6 19. Bxa6 Bxa6 20. Qxa6 Ra8 21. Qb5 Ba5 22. Rc6 Qf8 23. Rc7 Nxe5 24. Nxe5 Re7 25. Rac1 Rae8 26. Ng4 Rxc7 27. Nxf6+ gxf6 28. Rxc7 Kg7 29. Qe2 f5 30. Qf3 Rc8 31. Qg3+ Kh7 32. Rxc8 Qxc8 33. Bf6 Qg8 34. Qd6 Kg6 35. Bd8 Kh7 36. Bxb6 Bxb6 37. Qxb6 Qc8 38. Qc5 Qb7 39. a5 Qb1+ 40. Kh2 Qa2 41. Kg3 Kg6 42. h4 h5 43. Qf8 Qxa5 44. Qg8+ Kf6 45. Qg5# 1-0


[Site "https://www.chess.com"]

[Event "Titled Tuesday Blitz June 6 Early 2023"]
[White "Khumalo, Keith"]
[Black "LeoLV10"]
[WhiteFideId "14319470"]
[WhiteElo "2056"]
[BlackElo "2415"]
[Result "1-0"]
[Round "3"]
[TimeControl "180+2"]
[Date "2023.06.06"]
[WhiteClock "0:01:29"]
[BlackClock "0:00:39"]
[Board "55"]

1. d4 Nf6 2. Nc3 d5 3. Bf4 c6 4. Nf3 g6 5. e3 Bg7 6. Ne5 O-O 7. h4 h5 8. Be2 Nbd7 9. Qd2 Nxe5 10. Bxe5 Bf5 11. f3 Qd7 12. O-O-O b5 13. Rhg1 b4 14. Na4 a5 15. Nc5 Qc8 16. Bxf6 exf6 17. g4 hxg4 18. fxg4 Be4 19. h5 g5 20. Bd3 Bxd3 21. Qxd3 Re8 22. Rdf1 Ra7 23. h6 Bh8 24. h7+ Kf8 25. e4 Rae7 26. Qh3 Rxe4 27. Qh6+ Ke7 28. Nxe4 dxe4 29. Re1 Kd6 30. Qh2+ Kd7 31. Qg2 Kc7 32. Rxe4 Rxe4 33. Qxe4 Qf8 34. d5 Qc5 35. Rd1 cxd5 36. Rxd5 Qg1+ 37. Rd1 Qh2 38. Qe7+ Kb6 39. Rd6+ Kc5 40. Qc7+ Kb5 41. Qc6# 1-0


[Site "https://www.chess.com"]

[Event "Titled Tuesday Blitz June 6 Early 2023"]
[White "Goltsev, Dmitry"]
[Black "Koridze, Lile"]
[WhiteFideId "24176710"]
[BlackFideId "13612514"]
[WhiteElo "2356"]
[BlackElo "2047"]
[Result "1-0"]
[Round "3"]
[TimeControl "180+2"]
[Date "2023.06.06"]
[WhiteClock "0:00:56"]
[BlackClock "0:00:02"]
[Board "56"]

1. e4 c5 2. Nf3 d6 3. d4 cxd4 4. Nxd4 Nf6 5. Nc3 a6 6. f3 e5 7. Nb3 Be6 8. Be3 Be7 9. Qd2 Nbd7 10. Nd5 Nxd5 11. exd5 Bf5 12. Bd3 Bxd3 13. Qxd3 Bg5 14. c4 Bxe3 15. Qxe3 Qc7 16. Rc1 O-O 17. O-O b6 18. Rfd1 f5 19. Nd2 Rf6 20. b4 Rg6 21. Nb3 Qd8 22. c5 bxc5 23. bxc5 dxc5 24. d6 Qb6 25. Nxc5 Rc8 26. Qb3+ Qxb3 27. Nxb3 Rxc1 28. Nxc1 e4 29. fxe4 fxe4 30. Ne2 Kf7 31. Nf4 Rf6 32. g3 g5 33. Nh3 h6 34. Nf2 e3 35. Ng4 Re6 36. Rf1+ Ke8 37. Re1 Rxd6 38. Rxe3+ Kf7 39. Re2 Kg6 40. Re7 Nf6 41. Ne5+ Kf5 42. Nf3 Rd1+ 43. Kg2 Ra1 44. Re2 Ne4 45. Nd4+ Ke5 46. Nb3 Rd1 47. Nc5 Rd2 48. Rxd2 Nxd2 49. Nxa6 Ne4 50. Kf3 Nc3 51. Nb4 h5 52. Ke3 h4 53. g4 Nd1+ 54. Ke2 Nc3+ 55. Kf3 Kd4 56. a3 Nb1 57. a4 Nd2+ 58. Ke2 Ne4 59. a5 Kc5 60. a6 Kxb4 61. a7 1-0


[Site "https://www.chess.com"]

[Event "Titled Tuesday Blitz June 6 Early 2023"]
[White "Chen, Justin"]
[Black "Chemin, Justo Reinaldo"]
[WhiteFideId "2098199"]
[BlackFideId "2101580"]
[WhiteElo "2289"]
[BlackElo "1940"]
[Result "1-0"]
[Round "3"]
[TimeControl "180+2"]
[Date "2023.06.06"]
[WhiteClock "0:00:42"]
[BlackClock "0:00:05"]
[Board "57"]

1. c4 e6 2. Nc3 d5 3. d4 c6 4. e4 dxe4 5. Nxe4 Nf6 6. Nxf6+ Qxf6 7. Nf3 Bb4+ 8. Bd2 Bxd2+ 9. Qxd2 O-O 10. Bd3 Nd7 11. Qe3 c5 12. O-O-O cxd4 13. Qxd4 Qxd4 14. Nxd4 Ne5 15. Rhe1 Nxd3+ 16. Rxd3 Bd7 17. Nf5 exf5 18. Rxd7 Rac8 19. b3 b5 20. Rxa7 bxc4 21. b4 c3 22. Kc2 Rfd8 23. Re2 Rd4 24. Rc7 Ra8 25. Kxc3 Rd1 26. Kb3 Rd3+ 27. Rc3 Rd1 28. b5 Rb1+ 29. Rb2 Re1 30. a4 Re4 31. Rc4 Rxc4 32. Kxc4 Rxa4+ 33. Kc5 Ra1 34. b6 Rc1+ 35. Kb5 Rc2 36. Rxc2 1-0


[Site "https://www.chess.com"]

[Event "Titled Tuesday Blitz June 6 Early 2023"]
[White "Dubov, Daniil"]
[Black "MunichMouse"]
[WhiteFideId "24126055"]
[WhiteElo "2793"]
[BlackElo "2275"]
[Result "1-0"]
[Round "3"]
[TimeControl "180+2"]
[Date "2023.06.06"]
[WhiteClock "0:01:12"]
[BlackClock "0:00:57"]
[Board "58"]

1. g3 c5 2. Bg2 g6 3. c4 Bg7 4. Nc3 e5 5. e3 Ne7 6. Nge2 Nbc6 7. b3 O-O 8. Bb2 d6 9. O-O Be6 10. Nd5 f5 11. d3 Qd7 12. a3 Rae8 13. b4 b6 14. Qd2 h6 15. f4 Kh7 16. Kh1 Bf7 17. Rf2 Nxd5 18. cxd5 Ne7 19. e4 Ng8 20. Raf1 fxe4 21. dxe4 c4 22. fxe5 Bxe5 23. Nd4 Kg7 24. Nc6 g5 25. Rf5 Bg6 26. Nxe5 dxe5 27. Rxf8 Rxf8 28. Bxe5+ Nf6 29. Qc3 Qe7 30. d6 Qe6 31. Bxf6+ Rxf6 32. d7 1-0


[Site "https://www.chess.com"]

[Event "Titled Tuesday Blitz June 6 Early 2023"]
[White "Petukhov, Dmitry"]
[Black "Kramnik, Vladimir"]
[WhiteFideId "4142748"]
[BlackFideId "4101588"]
[WhiteElo "2311"]
[BlackElo "2703"]
[Result "0-1"]
[Round "3"]
[TimeControl "180+2"]
[Date "2023.06.06"]
[WhiteClock "0:02:07"]
[BlackClock "0:02:09"]
[Board "59"]

1. e4 c5 2. c3 d5 3. exd5 Qxd5 4. d4 Nf6 5. Nf3 Nc6 6. Be2 cxd4 7. cxd4 e6 8. O-O Be7 9. Nc3 Qd6 10. a3 O-O 11. Be3 b6 12. b4 Bb7 13. Qb3 Rac8 14. Rfd1 Rfd8 15. Rac1 h6 16. h3 Bf8 17. Nb5 Qb8 18. Nc3 Ne7 19. Ne5 Qa8 20. Bf1 Ned5 21. Nxd5 Bxd5 22. Bd2 Bxb3 0-1


[Site "https://www.chess.com"]

[Event "Titled Tuesday Blitz June 6 Early 2023"]
[White "Makarian, Rudik"]
[Black "Flynn, Jacob"]
[WhiteFideId "44105681"]
[BlackFideId "2509393"]
[WhiteElo "2451"]
[BlackElo "2053"]
[Result "1-0"]
[Round "3"]
[TimeControl "180+2"]
[Date "2023.06.06"]
[WhiteClock "0:01:14"]
[BlackClock "0:00:37"]
[Board "60"]

1. d4 Nf6 2. c4 e6 3. Nf3 d5 4. Nc3 c6 5. Bg5 dxc4 6. e4 b5 7. e5 h6 8. Bh4 g5 9. Nxg5 hxg5 10. Bxg5 Nbd7 11. g3 Bb7 12. Bg2 Qb6 13. exf6 O-O-O 14. O-O c5 15. d5 b4 16. Rb1 Qa6 17. dxe6 Bxg2 18. e7 Bxe7 19. fxe7 Rdg8 20. Kxg2 bxc3 21. Qd5 Qg6 22. bxc3 Nb6 23. Rxb6 Qxb6 24. Rb1 Qxb1 25. Qc6+ Kb8 26. Bf4# 1-0


[Site "https://www.chess.com"]

[Event "Titled Tuesday Blitz June 6 Early 2023"]
[White "Ginzburg, Yakov"]
[Black "Zhigalko, Sergei"]
[WhiteFideId "4157176"]
[BlackFideId "13502956"]
[WhiteElo "2305"]
[BlackElo "2626"]
[Result "0-1"]
[Round "3"]
[TimeControl "180+2"]
[Date "2023.06.06"]
[WhiteClock "0:00:02"]
[BlackClock "0:00:07"]
[Board "61"]

1. d4 Nf6 2. Nf3 e6 3. g3 b5 4. Bg2 Bb7 5. O-O c5 6. a4 b4 7. c3 a5 8. Be3 cxd4 9. Qxd4 Nc6 10. Qb6 Qxb6 11. Bxb6 Nd5 12. Bd4 Rc8 13. e4 Nf6 14. e5 Nd5 15. c4 Nde7 16. Nbd2 Nf5 17. Bb6 d6 18. exd6 Bxd6 19. Rfd1 Bc7 20. Bxc7 Rxc7 21. Nb3 Ke7 22. c5 h5 23. Rd2 Ba6 24. Bf1 Bxf1 25. Kxf1 Ra8 26. Rad1 f6 27. Rd6 e5 28. h3 Raa7 29. g4 hxg4 30. hxg4 Nfd4 31. Nfxd4 Nxd4 32. Nxd4 exd4 33. Re1+ Kf7 34. c6 Ra6 35. Rxd4 Raxc6 36. Re2 Rc4 37. Rd5 R7c5 38. Rxc5 Rxc5 39. f3 b3 40. Re3 Rc1+ 41. Kf2 Rc2+ 42. Re2 g5 43. Ke3 Rc4 44. Kd3 Rxa4 45. Kc3 Rf4 46. Re3 a4 47. Rd3 f5 48. gxf5 Kf6 49. Rd6+ Kxf5 50. Rd5+ Kg6 51. Rd6+ Kh5 52. Rd3 Kh4 53. Kd2 Kg3 54. Ke2 Rf5 55. Rd4 Re5+ 56. Kf1 Kxf3 57. Rxa4 Rc5 58. Ke1 Rc1+ 59. Kd2 Rc2+ 60. Kd3 Rxb2 61. Ra5 g4 62. Rf5+ Kg3 63. Kc3 Rb1 64. Rf8 Kg2 65. Rg8 g3 66. Rg7 Kf2 67. Rf7+ Kg1 68. Kd2 g2 69. Ke2 Rc1 70. Rb7 Rc2+ 71. Kf3 Rc3+ 72. Ke2 Rc2+ 73. Kf3 b2 74. Rb6 Kf1 75. Ra6 b1=Q 0-1


[Site "https://www.chess.com"]

[Event "Titled Tuesday Blitz June 6 Early 2023"]
[White "Orujov2008"]
[Black "Kevlishvili, Robby"]
[BlackFideId "1040634"]
[WhiteElo "2490"]
[BlackElo "2572"]
[Result "0-1"]
[Round "3"]
[TimeControl "180+2"]
[Date "2023.06.06"]
[WhiteClock "0:00:03"]
[BlackClock "0:01:35"]
[Board "62"]

1. e4 b6 2. d4 Bb7 3. Nc3 e6 4. Bd3 Bb4 5. Ne2 Nf6 6. O-O d5 7. exd5 Nxd5 8. Nxd5 Qxd5 9. f3 Nc6 10. c3 Be7 11. Bf4 O-O-O 12. a4 g5 13. Be3 f5 14. b4 a5 15. b5 Ne5 16. Rc1 Nc4 17. Bxc4 Qxc4 18. Qc2 h5 19. Rfd1 f4 20. Bf2 g4 21. Nxf4 Rhg8 22. Qd3 Qxd3 23. Rxd3 gxf3 24. g3 Bg5 25. Be3 Be4 26. Rd2 h4 27. Kf2 hxg3+ 28. hxg3 Rh8 29. Kg1 Bxf4 30. Bxf4 Rh1+ 31. Kxh1 f2+ 32. Kh2 Rh8+ 0-1


[Site "https://www.chess.com"]

[Event "Titled Tuesday Blitz June 6 Early 2023"]
[White "Rustemov, Alexander"]
[Black "Turzo, Attila"]
[WhiteFideId "4119002"]
[BlackFideId "704954"]
[WhiteElo "2871"]
[BlackElo "2483"]
[Result "1-0"]
[Round "3"]
[TimeControl "180+2"]
[Date "2023.06.06"]
[WhiteClock "0:00:49"]
[BlackClock "0:00:22"]
[Board "63"]

1. d4 Nf6 2. c4 g6 3. Nf3 Bg7 4. g3 O-O 5. Bg2 d6 6. Nc3 Nbd7 7. O-O e5 8. e4 c6 9. h3 Qb6 10. Re1 Re8 11. d5 Nc5 12. Qe2 a5 13. Be3 cxd5 14. cxd5 Bd7 15. Rab1 Rec8 16. Nd2 Qa6 17. Qxa6 Rxa6 18. Bf1 b5 19. a4 bxa4 20. Bxc5 Rxc5 21. Bxa6 Bh6 22. Nc4 a3 23. bxa3 Kg7 24. Kg2 Ne8 25. a4 f5 26. f3 Nc7 27. Rb7 Kf6 28. Rxc7 Rxc7 29. Rb1 Bd2 30. Nxd2 Rxc3 31. Bb5 Bc8 32. Rb2 g5 33. exf5 Bxf5 34. Ne4+ Bxe4 35. fxe4 Re3 36. Re2 Rc3 37. g4 Ke7 38. Bc6 Rc4 39. Kf3 h6 40. Rb2 Rc3+ 41. Kf2 Rc4 42. Rb7+ Kf6 43. Rd7 Rxe4 44. Rxd6+ Ke7 45. Rxh6 Rd4 46. Re6+ Kd8 47. Rxe5 Rd2+ 48. Ke3 Rh2 49. Rxg5 Rxh3+ 50. Kd4 Rh6 51. Kc5 Kc7 52. d6+ Kb8 53. Rg8+ Ka7 54. Ra8# 1-0


[Site "https://www.chess.com"]